 Dungeon Crawl Stone Soup version 0.26-a0-812-g31a745ddcd (webtiles) character file.

Game seed: 9252449630570625267

115 MalarOregon the Ruffian (level 4, -6/36 HPs)
             Began as a Draconian Transmuter on Nov 29, 2020.
             Killed by nerve-wracking pain
             ... invoked by an orc priest
              (12 damage)
             ... on level 2 of the Dungeon.
             The game lasted 00:04:14 (3082 turns).

MalarOregon the Ruffian (Draconian Transmuter)      Turns: 3082, Time: 00:04:14

Health: -6/36      AC:  5    Str: 13    XL:     4   Next: 68%
Magic:  7/7        EV: 12    Int: 13    God:
Gold:   128        SH:  5    Dex: 12    Spells: 4/8 levels left

rFire    . . .     SeeInvis .     - Unarmed
rCold    . . .     Faith    .   (no shield)
rNeg     . . .     Spirit   .   (armour unavailable)
rPois    .         Reflect  +   (helmet currently unavailable)
rElec    .         Harm     .   (no cloak)
rCorr    .         Rampage  .   (no gloves)
MR       .....                  (boots currently unavailable)
Stlth    +.........             f - amulet of reflection
HPRegen  0.12/turn              (no ring)
MPRegen  0.10/turn              (no ring)

@: appendages
A: unfitting armour, horns 2, talons 2, cold-blooded, AC +5
a: End Transformation


You were on level 2 of the Dungeon.
You had grown temporary horns.
You had grown temporary talons.
You visited 1 branch of the dungeon, and saw 3 of its levels.

You collected 128 gold pieces.

Inventory:

Missiles
 m - 18 poisoned darts (quivered)
Jewellery
 f - an amulet of reflection (around neck)
   (You found it on level 2 of the Dungeon)
Scrolls
 b - 3 scrolls of identify {unknown}
 c - a scroll of immolation {unknown}
 d - 3 scrolls of teleportation {unknown}
 h - a scroll of enchant armour {unknown}
 j - a scroll of fear {unknown}
Potions
 a - a potion of flight {unknown}
 e - 2 potions of curing {unknown}
 g - a potion of haste {unknown}
 i - a potion of lignification {unknown}
 k - a potion of attraction {unknown}
 l - a potion of brilliance {unknown}


   Skills:
 + Level 2.0 Fighting
 + Level 2.3 Dodging
 + Level 3.4 Unarmed Combat
 + Level 2.6 Spellcasting
 * Level 3.3 Transmutations
 + Level 0.5 Poison Magic


You had 4 spell levels left.
You knew the following spells:

 Your Spells              Type           Power        Failure   Level
a - Beastly Appendage     Tmut           ##....       6%          1
x - Spider Form           Tmut/Pois      #.........   32%         3

Your spell library contained the following spells:

 Spells                   Type           Power        Failure   Level
 Wereblood                Tmut           ##......     9%          2
 Ice Form                 Ice/Tmut       #.......     77%         4
 Blade Hands              Tmut           ##........   86%         5


Dungeon Overview and Level Annotations

Branches:
Dungeon (3/15)

Altars:
The Shining One

Annotations:
D:3 Grinder


Innate Abilities, Weirdness & Mutations

Your plain brown scales are hard. (AC +5)
You cannot fit into any form of body armour.
You are cold-blooded and may be slowed by cold attacks.
You have a pair of horns on your head.
You have razor-sharp toenails.


Message History

a +0 scale mail; a +0 trident Done exploring.
Done exploring.
There is a stone staircase leading down, spattered with blood here.
You climb downwards.
Level annotation: Grinder The leopard gecko bites you. x2
There is a stone staircase leading up here.
The leopard gecko closely misses you.
The orc wizard casts a spell.
The orc wizard blinks!
The orc priest barely misses you.
You climb upwards.
There is a stone staircase leading down, spattered with blood here.
You grow a pair of large bovine horns.
Your feet morph into talons.
The leopard gecko bites you.
You closely miss the orc priest.
Your tail-slap misses the orc priest.
The leopard gecko bites you.
The orc priest calls down the wrath of Beogh upon you.
Pain shoots through your body!
The leopard gecko bites you but does no damage.
You hit the orc priest.
You claw the orc priest, but do no damage.
Your tail-slap misses the orc priest.
The orc priest closely misses you. The leopard gecko closely misses you.
You hit the orc priest but do no damage.
Your kick misses the orc priest. You block the orc priest's attack.
The leopard gecko barely misses you.
You hit the orc priest but do no damage.
You tail-slap the orc priest, but do no damage.
The leopard gecko completely misses you.
The orc priest barely misses you.
You hit the orc priest but do no damage.
The leopard gecko closely misses you.
The orc priest mumbles some strange prayers to Beogh against you.
Pain shoots through your body!
* * * LOW HITPOINT WARNING * * *
You closely miss the leopard gecko.
The leopard gecko bites you but does no damage.
The orc priest hits you with a cursed -1 flail.
* * * LOW HITPOINT WARNING * * *
You closely miss the leopard gecko. Your kick misses the leopard gecko.
The leopard gecko barely misses you. The leopard gecko closely misses you.
You hit the leopard gecko.
The orc priest hits you with a cursed -1 flail.
* * * LOW HITPOINT WARNING * * *
You block the leopard gecko's attack.
You closely miss the leopard gecko.
The orc priest calls down the wrath of Beogh upon you.
Pain shoots through your body!
You die...

##.##.###.......##
##.##.# #######.#
##.....## ####.#
#.......#
##...##### #.#
#.####### ##......#
#.# #.# #.####.#
#.# #.###### #.#
#.# #.# #......###
##[####.#######.#
###......#
##..l#...........#
#.##.#.#
#..@...#.#########
#.##.#.# ##.[o#.#.#
#.##.#.#####......#
#.##............###
#.####.#####.####
#.# #.# #.#
#.####.# #.#
##......### #.#
#.........# #.#


You could see an orc priest and a leopard gecko.

Vanquished Creatures
  A jelly (D:3)
  2 oozes
  A worm (D:2)
  A dart slug (D:1)
  4 orcs (D:2)
  A bat (D:2)
  3 giant cockroaches
  8 goblins
  8 hobgoblins
  10 jackals
  7 kobolds
  A quokka (D:2)
  2 ball pythons
  5 frilled lizards
  4 rats
58 creatures vanquished.

Notes
Turn   | Place    | Note
-------+----------+-------------------------------------------
     0 | D:1      | MalarOregon the Draconian Transmuter began the quest for
                  | the Orb.
     0 | D:1      | Reached XP level 1. HP: 16/16 MP: 3/3
   234 | D:1      | Reached XP level 2. HP: 22/23 MP: 3/5
   908 | D:2      | Reached XP level 3. HP: 28/28 MP: 4/6
  1536 | D:2      | Found a glowing golden altar of the Shining One.
  2207 | D:3      | Reached XP level 4. HP: 31/36 MP: 5/7
  2212 | D:3      | Learned a level 3 spell: Spider Form
  2265 | D:3      | Noticed Grinder
  3082 | D:2      | Killed from afar by an orc priest

Illustrated notes

Levels and vault maps discovered:
D:1:      heliophobic_arrival_battle_scene, layout_rooms
D:2:      layout_loops_corners, nicolae_tso_swordbearing_angel
D:3:      layout_rooms, chequers_temple_overflow_statue_of_worship,
          xom_redecorated, uniq_grinder, uniq_terence

Skill      XL: |  1  2  3  4 |
---------------+-------------+-----
Dodging        | 2 |  2.3
Transmutations | 3 |  3.3
Fighting       | 2 |  2.0
Unarmed Combat | |  3.4
Spellcasting   | |  2.6
Poison Magic   | |  0.5

Action                   |  1- 3 |  4- 6 || total
-------------------------+-------+-------++-------
Melee: Unarmed           |   141 |    40 ||   181
       Kick              |    16 |     8 ||    24
       Tailslap          |    16 |     4 ||    20
       Headbutt          |     6 |     3 ||     9
       Punch             |     2 |       ||     2
Throw: Dart              |       |    10 ||    10
 Cast: Beastly Appendage |    19 |     5 ||    24
 Stab: Sleeping          |     1 |       ||     1
Armor: Skin              |    29 |    12 ||    41
Dodge: Dodged            |    57 |    41 ||    98
Block: Other             |    14 |    17 ||    31
       Reflection        |       |     3 ||     3

Table legend: (Time is in decaauts)
 A = Elapsed time spent in this place.
 B = Non-inter-level travel time spent in this place.
 C = Inter-level travel time spent in this place.
 D = Time resting spent in this place.
 E = Time spent auto-exploring this place.
 F = Levels seen in this place.
 G = Mean time per level.
                   A        B        C        D        E       F      G
               +--------+--------+--------+--------+--------+-----+--------+
         Total |   3075 |   2892 |    183 |    855 |   1571 |   3 | 1025.0 |
       Dungeon |   3075 |   2892 |    183 |    855 |   1571 |   3 | 1025.0 |
               +--------+--------+--------+--------+--------+-----+--------+

Top non-repeatable levels by time:
     D:2: 1982 daAuts
     D:1: 881 daAuts
     D:3: 211 daAuts
